 Dungeon Crawl Stone Soup version 0.24.1-14-gf8d2b509d9 (webtiles) character file.

Game seed: 3355708294362056477, levelgen mode: deterministic

3787 Mrkan the Blocker (level 10, -9/80 HPs)
             Began as a Gnoll Fighter on May 22, 2020.
             Was a Believer of Ashenzari.
             Killed by the air
             ... invoked by Gastronok
              (14 damage)
             ... on level 7 of the Dungeon.
             The game lasted 00:16:00 (8880 turns).

Mrkan the Blocker (Gnoll Fighter)                   Turns: 8880, Time: 00:16:00

Health: -9/80      AC: 13    Str: 20    XL:     10   Next: 16%
Magic:  17/17      EV:  9    Int: 11    God:    Ashenzari [**....]
Gold:   325        SH: 12    Dex: 16    Spells: 18/18 levels left

rFire    . . .     SeeInvis .   x - +0 spear (venom) (curse)
rCold    . . .     Gourm    .   c - +0 shield (curse)
rNeg     . . .     Faith    .   m - +0 chain mail (curse)
rPois    .         Spirit   .   q - +0 helmet (curse)
rElec    .         Reflect  .   s - +0 cloak
rCorr    .         Harm     .   (no gloves)
MR       .....                  (no boots)
Stlth    ..........             (no amulet)
HPRegen  0.23/turn              (no ring)
MPRegen  0.15/turn              (no ring)

@: no status effects
A: distributed training, fangs 1, strong nose
a: Curse Item, Scrying, Renounce Religion


You were on level 7 of the Dungeon.
You worshipped Ashenzari.
Ashenzari was pleased with you.
You were hungry.

You visited 2 branches of the dungeon, and saw 9 of its levels.
You also visited: Ossuary.

You collected 429 gold pieces.
You spent 104 gold pieces at shops.

Inventory:

Hand Weapons
 a - a +0 war axe
 d - a +2 vampiric spear
 x - a cursed +0 spear of venom (weapon)
 F - a +2 whip of electrocution
Armour
 c - a cursed +0 shield (worn)
 m - a cursed +0 chain mail (worn)
 q - a cursed +0 helmet (worn)
 s - a +0 cloak (worn)
Wands
 G - a wand of flame (25)
Scrolls
 b - 4 scrolls of remove curse
 e - a scroll of fog {unknown}
 h - 4 scrolls of teleportation {unknown}
 i - 5 scrolls of identify
 j - 4 scrolls of amnesia {unknown}
 k - a scroll of fear {unknown}
 l - a scroll of noise {unknown}
 p - a scroll of enchant weapon {unknown}
 r - 5 scrolls of enchant armour {unknown}
 u - 2 scrolls of blinking {unknown}
 y - 3 scrolls of magic mapping {unknown}
 z - 4 scrolls of random uselessness {unknown}
 C - 7 scrolls of immolation {unknown}
Potions
 n - a potion of heal wounds
 o - a potion of agility
 t - 6 potions of lignification
 v - 2 potions of haste
 w - 3 potions of curing
 A - a potion of berserk rage {unknown}
 B - a potion of brilliance
 D - 4 potions of flight {unknown}
 E - a potion of invisibility {unknown}
Comestibles
 f - 8 rations


   Skills:
 + Level 8.3 Fighting
 + Level 4.9 Short Blades
 + Level 4.9 Long Blades
 + Level 6.8 Axes
 + Level 4.9 Maces & Flails
 + Level 4.9(7.1) Polearms
 + Level 4.9 Staves
 + Level 4.9 Slings
 + Level 4.9 Bows
 + Level 4.9 Crossbows
 + Level 4.9 Throwing
 + Level 8.3 Armour
 + Level 4.9 Dodging
 + Level 4.9 Stealth
 + Level 8.3(9.7) Shields
 + Level 4.9 Unarmed Combat
 + Level 4.9 Spellcasting
 + Level 4.0 Conjurations
 + Level 4.0 Hexes
 + Level 4.0 Charms
 + Level 4.0 Summonings
 + Level 4.0 Necromancy
 + Level 4.0 Translocations
 + Level 4.0 Transmutations
 + Level 4.0 Fire Magic
 + Level 4.0 Ice Magic
 + Level 4.0 Air Magic
 + Level 4.0 Earth Magic
 + Level 4.0 Poison Magic
 + Level 5.4 Invocations
 + Level 4.9 Evocations


You had 18 spell levels left.
You didn't know any spells.
Your spell library contained the following spells:

 Spells                   Type           Power        Failure   Level  Hunger
 Animate Skeleton         Necr           N/A          54%         1    None
 Apportation              Tloc           ##....       54%         1    None
 Confusing Touch          Hex            ##....       54%         1    None
 Summon Small Mammal      Summ           ##..         54%         1    None


Dungeon Overview and Level Annotations

Branches:
Dungeon (8/15)             Temple (1/1) D:4         Ossuary (visited)
   Lair: D:8-11

Altars:
Ashenzari
Cheibriados
Dithmenos
Elyvilon
Fedhas
Gozag
Hepliaklqana
Kikubaaqudgha
Makhleb
Nemelex Xobeh
Okawaru
Qazlal
Ru
Sif Muna
Trog
Uskayaw
Vehumet
Wu Jian
Xom
Zin
The Shining One

Shops:
D:7 !

Annotations:
D:7 Gastronok


Innate Abilities, Weirdness & Mutations

Your experience applies equally to all skills.
You have very sharp teeth.
Your uncanny sense of smell can sniff out nearby items.


Message History

* * * LOW HITPOINT WARNING * * *
The orc hits you but does no damage. You block the orc's attack.
Gastronok gurgles, "A snack!
A snack!"
You block the orc's attack.
Gastronok's eyestalks quiver as he mumbles some strange words.
Gastronok puts on a burst of speed!
You block the orc's attack.
There is an open door here.
You block the orc's attack.
Gastronok casts a spell.
Your legs wobble like jelly.
The orc barely misses you.
You feel yourself speed up.
Gastronok waves his eye-stalks in wide circles.
The air twists around and strikes you!
* * * LOW HITPOINT WARNING * * *
There is an open door here.
Gastronok waves his eye-stalks in wide circles.
The air twists around and strikes you!
You die...

'########.....#####'######
..##...............w.....#
...#.....................#
...'.....................#
...#.....................#
...#.....................#
#'##.....................#######
.........########o##......#....#
.........#....'.@..#......#....#
.........#....#....#......'....#
.........#....#....#......#....#
.........###########......#....#
.........#...##.........########
###......#....#.........#
#......#....#.........#
#......#....#.........#
#......#....#.........#


You could see Gastronok and an orc.

Vanquished Creatures
  Pikel (D:6)
  Grinder (D:5)
  A hungry ghost (D:6)
  A porcupine (D:8)
  An orc warrior (D:6)
  A slave (D:6)
  An ice beast (D:5)
  5 ogres
  2 centaurs
  A bullfrog (D:7)
  A wyvern zombie (D:6)
  A gnoll sergeant (D:3)
  A scorpion (D:6)
  2 water moccasin skeletons
  6 killer bees (D:7)
  4 howler monkeys
  A human zombie (Ossuary)
  A quasit (D:5)
  3 jellies
  4 gnoll shamans (D:3)
  5 hounds
  A bullfrog skeleton (D:5)
  3 orc priests
  2 orc wizards
  2 centaur skeletons
  3 worker ants
  2 big kobold zombies (Ossuary)
  3 hound skeletons
  3 mummies (Ossuary)
  36 gnolls
  A howler monkey skeleton (D:5)
  5 adders
  2 oozes
  An adder skeleton (D:4)
  2 worms
  A dart slug (D:1)
  5 leopard geckos
  22 orcs
  2 ball pythons
  4 giant cockroaches
  2 gnoll zombies (Ossuary)
  7 goblins
  5 hobgoblins
  24 jackals
  6 quokkas
  5 bats
  7 frilled lizards
  12 kobolds
  A kobold zombie (Ossuary)
  A leopard gecko skeleton (D:4)
  2 orc zombies (Ossuary)
  A quokka skeleton (D:5)
  5 rats
  A plant (D:3)
223 creatures vanquished.

Vanquished Creatures (others)
  A scorpion (D:6)
1 creature vanquished.

Grand Total: 224 creatures vanquished

Notes
Turn   | Place    | Note
-------+----------+-------------------------------------------
     0 | D:1      | Mrkan the Gnoll Fighter began the quest for the Orb.
     0 | D:1      | Reached XP level 1. HP: 23/23 MP: 1/1
   116 | D:1      | Reached XP level 2. HP: 29/29 MP: 2/2
   453 | D:1      | Reached XP level 3. HP: 35/35 MP: 3/3
   710 | D:2      | Reached skill level 1 in Invocations
   857 | D:2      | Reached skill level 1 in Short Blades
   857 | D:2      | Reached skill level 1 in Long Blades
   857 | D:2      | Reached skill level 1 in Maces & Flails
   857 | D:2      | Reached skill level 1 in Polearms
   857 | D:2      | Reached skill level 1 in Staves
   857 | D:2      | Reached skill level 1 in Slings
   857 | D:2      | Reached skill level 1 in Bows
   857 | D:2      | Reached skill level 1 in Crossbows
   857 | D:2      | Reached skill level 1 in Throwing
   857 | D:2      | Reached skill level 1 in Dodging
   857 | D:2      | Reached skill level 1 in Stealth
   857 | D:2      | Reached skill level 1 in Unarmed Combat
   857 | D:2      | Reached skill level 1 in Spellcasting
   857 | D:2      | Reached skill level 1 in Evocations
   985 | D:2      | Reached XP level 4. HP: 40/41 MP: 5/5
  1350 | D:2      | Reached skill level 1 in Conjurations
  1350 | D:2      | Reached skill level 1 in Hexes
  1350 | D:2      | Reached skill level 1 in Charms
  1350 | D:2      | Reached skill level 1 in Summonings
  1350 | D:2      | Reached skill level 1 in Necromancy
  1350 | D:2      | Reached skill level 1 in Translocations
  1350 | D:2      | Reached skill level 1 in Transmutations
  1350 | D:2      | Reached skill level 1 in Fire Magic
  1350 | D:2      | Reached skill level 1 in Ice Magic
  1350 | D:2      | Reached skill level 1 in Air Magic
  1350 | D:2      | Reached skill level 1 in Earth Magic
  1350 | D:2      | Reached skill level 1 in Poison Magic
  1353 | D:2      | Reached XP level 5. HP: 16/47 MP: 5/7
  2088 | D:3      | Reached XP level 6. HP: 35/53 MP: 8/8
  2135 | D:3      | Reached skill level 5 in Axes
  2357 | D:3      | Reached XP level 7. HP: 39/59 MP: 10/10
  3667 | D:4      | Found a shimmering altar of Xom.
  3669 | D:4      | Found a shimmering altar of Xom.
  3671 | D:4      | Found a shimmering altar of Xom.
  3702 | D:4      | Reached XP level 8. HP: 57/67 MP: 12/12
  3710 | D:4      | Found a shimmering altar of Xom.
  3712 | D:4      | Found a shimmering altar of Xom.
  3712 | D:4      | Found a shimmering altar of Xom.
  3714 | D:4      | Found a shimmering altar of Xom.
  3984 | D:4      | Found a staircase to the Ecumenical Temple.
  4017 | Temple   | Entered the Ecumenical Temple
  4087 | Temple   | Became a worshipper of Ashenzari the Shackled
  4787 | D:5      | Entered Level 5 of the Dungeon
  4787 | D:5      | Noticed Grinder
  4981 | D:5      | Paralysed by Grinder for 5 turns
  5206 | D:5      | Killed Grinder
  5330 | D:5      | Reached XP level 9. HP: 55/72 MP: 14/14
  6004 | D:6      | Found a sand-covered staircase.
  6013 | Ossuary  | Entered an ossuary
  6393 | D:6      | Noticed Pikel
  6415 | D:6      | Killed Pikel
  6669 | D:6      | Found a white marble altar of Elyvilon.
  6675 | D:6      | Reached * piety under Ashenzari
  6718 | D:6      | Reached skill level 5 in Invocations
  7652 | D:7      | Found Jofit's Distillery.
  7660 | D:7      | Bought a potion of curing for 39 gold pieces
  7660 | D:7      | Bought a potion of heal wounds for 65 gold pieces
  7679 | D:7      | Reached XP level 10. HP: 64/80 MP: 17/17
  8159 | D:7      | Reached ** piety under Ashenzari
  8505 | D:8      | Noticed Gastronok
  8880 | D:7      | Killed from afar by Gastronok

Levels and vault maps discovered:
D:1:      wheals_arrival_shading, layout_loops_cross
D:2:      layout_loops_ring, kennysheep_generic_room_5
D:3:      lemuel_castle_with_subvaults [lemuel_castle_interior_carwin_3],
          layout_rooms
D:4:      layout_loops_ring, minmay_temple_entry_waves, first_ration,
          corexii_item_surrounded_by_moat, nicolae_xom_altar_mimics
D:5:      layout_basic, uniq_grinder
D:6:      layout_basic, enter_ossuary_2, elyvilon_altar_5, uniq_pikel
D:7:      layout_gridville, serial_shops, shop_statue
D:8:      wad_woods_stonehenge, layout_rooms, minmay_lizard_king, uniq_psyche,
          uniq_gastronok
Temple:   regret_index_temple_sigil_plot

Skill      XL: |  1  2  3  4  5  6  7  8  9 10 |
---------------+-------------------------------+-----
Invocations    | 1 2 3 4 5 |  5.4
Short Blades   | 1 2 3 4 |  4.9
Long Blades    | 1 2 3 4 |  4.9
Maces & Flails | 1 2 3 4 |  4.9
Polearms       | 1 2 3 4 |  4.9
Staves         | 1 2 3 4 |  4.9
Slings         | 1 2 3 4 |  4.9
Bows           | 1 2 3 4 |  4.9
Crossbows      | 1 2 3 4 |  4.9
Throwing       | 1 2 3 4 |  4.9
Dodging        | 1 2 3 4 |  4.9
Stealth        | 1 2 3 4 |  4.9
Unarmed Combat | 1 2 3 4 |  4.9
Spellcasting   | 1 2 3 4 |  4.9
Evocations     | 1 2 3 4 |  4.9
Conjurations   | 1 2 3 4 |  4.0
Hexes          | 1 2 3 4 |  4.0
Charms         | 1 2 3 4 |  4.0
Summonings     | 1 2 3 4 |  4.0
Necromancy     | 1 2 3 4 |  4.0
Translocations | 1 2 3 4 |  4.0
Transmutations | 1 2 3 4 |  4.0
Fire Magic     | 1 2 3 4 |  4.0
Ice Magic      | 1 2 3 4 |  4.0
Air Magic      | 1 2 3 4 |  4.0
Earth Magic    | 1 2 3 4 |  4.0
Poison Magic   | 1 2 3 4 |  4.0
Axes           | 5 6 |  6.8
Fighting       | 7 8 |  8.3
Armour         | 7 8 |  8.3
Shields        | 7 8 |  8.3

Action                   |  1- 3 |  4- 6 |  7- 9 | 10-12 || total
-------------------------+-------+-------+-------+-------++-------
Melee: War axe           |    75 |   198 |       |       ||   273
       Bite              |     5 |    31 |   122 |     9 ||   167
       Spear             |       |     4 |   800 |    78 ||   882
Invok: Curse Item        |       |       |     3 |       ||     3
  Use: Potion            |       |     1 |       |     5 ||     6
       Scroll            |       |       |     7 |       ||     7
  Eat: Chunk             |       |     5 |    19 |     3 ||    27
       Ration            |       |       |     4 |       ||     4
Armor: Scale mail        |    25 |       |       |       ||    25
       Chain mail        |     9 |   115 |   305 |    13 ||   442
       Skin              |       |       |       |    57 ||    57
Dodge: Dodged            |    15 |    62 |   199 |    19 ||   295
Block: Shield            |    47 |   146 |   423 |    86 ||   702
